 Dungeon Crawl Stone Soup version 0.29.0-4-gdea44cf6ec (webtiles) character file.

Game seed: 4634530227204872223

15 qw the Chopper (level 2, 0/17 HPs)
             Began as a Tengu Warper on Aug 28, 2022.
             Succumbed to their own poison gas
             ... on level 1 of the Dungeon.
             The game lasted 00:00:05 (1093 turns).

qw the Chopper (Tengu Warper)                       Turns: 1093, Time: 00:00:05

Health: 0/17       AC:  5    Str: 11    XL:     2   Next: 50%
Magic:  6/6        EV: 10    Int: 13    God:
Gold:   83         SH:  0    Dex: 13    Spells: 5/5 levels left

rFire   . . .      SeeInvis .   Y - +0 hand axe
rCold   . . .      Faith    .   (no shield)
rNeg    . . .      Spirit   .   g - +0 ring mail
rPois   .          Reflect  .   (helmet restricted)
rElec   .          Harm     .   (no cloak)
rCorr   .          Rampage  .   (no gloves)
Will    .....                   (boots unavailable)
Stlth   +.........              (no amulet)
HPRegen 0.05/turn               (no ring)
MPRegen 0.10/turn               (no ring)

@: lethally poisoned (0 -> -5)
A: beak, talons 3
a: no special abilities


You were on level 1 of the Dungeon.
You visited 1 branch of the dungeon, and saw 1 of its levels.

You collected 83 gold pieces.


Innate Abilities, Weirdness & Mutations

You have a beak for a mouth.
You have claws for feet.


   Skills:
 - Level 2.0 Fighting
 + Level 3.3 Axes
 - Level 1.0 Throwing
 - Level 1.1 Armour
 - Level 2.1 Dodging
 - Level 2.0 Spellcasting
 - Level 2.4 Translocations


You had 5 spell levels left.
You didn't know any spells.
Your spell library contained the following spells:

 Spells                   Type           Power      Damage    Failure   Level
 Blink                    Tloc           14%        N/A       34%         2
 Gell's Gravitas          Tloc           7%         N/A       56%         3
 Lesser Beckoning         Tloc           7%         N/A       56%         3
 Teleport Other           Tloc           7%         N/A       56%         3
 Manifold Assault         Tloc           7%         N/A       99%         5

Inventory:

Hand Weapons
 j - a +0 whip
 Y - a +0 hand axe (weapon)
Armour
 g - a +0 ring mail (worn)
Potions
 d - a potion of might {unknown}
 h - a potion of brilliance {unknown}
 i - a potion of heal wounds {unknown}

Dungeon Overview and Level Annotations

Branches:
Dungeon (1/15)

Altars:


Message History

Your butterfly is poisoned.
You kill your butterfly!
Your butterfly disappears in a burst of colours!
Your butterfly is engulfed in poison gas.
Your butterfly looks even sicker.
You kill your butterfly!
Your butterfly disappears in a burst of colours!
Your butterfly is engulfed in poison gas.
Your butterfly looks even sicker.
You kill your butterfly!
Your butterfly disappears in a burst of colours!
Your butterfly is engulfed in poison gas.
Your butterfly looks even sicker.
You kill your butterfly!
Your butterfly disappears in a burst of colours!
Partly explored, can't reach some places.
1087 ||| DROPPING scroll of blinking.
You drop a scroll of blinking.
Partly explored, can't reach some places.
(D) Dungeon
Where to? (* - list waypoints, ? - help)
What level of the Dungeon? (default 1, ? - help) Sorry, I don't know how to get there.
Partly explored, can't reach some places.
1088 ||| Stepping randomly (stuck).
Really walk into that cloud of poison gas?
You are engulfed in poison gas.
You are lethally poisoned!
You feel very sick.
1089 ||| Stepping ~*~*~tactically~*~*~ (cloud).
You feel very sick.
Things that are here:
a scroll of blinking; a +0 leather armour
There is a lethal amount of poison in your body!
You feel sick.
There is a lethal amount of poison in your body!
You feel sick.
There is a lethal amount of poison in your body!
You feel sick.
There is a lethal amount of poison in your body!
You die... 777777 777777 777 7 777P7.P7 777....7777 77077 ~~~777....7.. 77...7.....7777¤¤07~~~7 7.7.77777 #..77777.....7¤¤@¤007 77.77 7 #..7 77777¤00¤¤0777 7.77 7 ..77 77¤00¤77 77.77 7 #.777 7770¤0777

77.7 ##..777777¤¤00¤777
777..7
##.....777¤77...777
77..777
#........77.777...77
77.777
#........77...7777.777.77
#.........777.7
77...77777


77 There were no monsters in sight!

Vanquished Creatures
  2 endoplasms (D:1)
  2 goblins (D:1)
  2 hobgoblins (D:1)
  2 kobolds (D:1)
  2 ball pythons (D:1)
  A frilled lizard (D:1)
  4 rats (D:1)
15 creatures vanquished.

Notes
Turn   | Place    | Note
-------+----------+-------------------------------------------
     0 | D:1      | qw the Tengu Warper began the quest for the Orb.
     0 | D:1      | Reached XP level 1. HP: 12/12 MP: 4/4
     0 | D:1      | 0 ||| qw: Version: 0.1-a-89-g26bdef1
     0 | D:1      | 0 ||| qw: Game counter: 2198
     0 | D:1      | 0 ||| qw: Always use a shield: true
     0 | D:1      | 0 ||| qw: God list: Okawaru
     0 | D:1      | 0 ||| qw: Allow faded altars: false
     0 | D:1      | 0 ||| qw: Do Orc after D:15 true
     0 | D:1      | 0 ||| qw: Do second Lair branch before Depths: true
     0 | D:1      | 0 ||| qw: Lair rune preference: random
     0 | D:1      | 0 ||| qw: Plans: Normal
     0 | D:1      | 0 ||| PLANNING D:1-11
   116 | D:1      | 116 ||| Stepping ~*~*~tactically~*~*~ (stealth).
   275 | D:1      | Reached XP level 2. HP: 17/17 MP: 6/6
   313 | D:1      | Reached skill level 3 in Axes
   453 | D:1      | Found a faded altar of an unknown god.
   803 | D:1      | 803 ||| Stepping ~*~*~tactically~*~*~ (stealth).
   806 | D:1      | 806 ||| Stepping ~*~*~tactically~*~*~ (stealth).
   807 | D:1      | 807 ||| Stepping ~*~*~tactically~*~*~ (stealth).
   808 | D:1      | 808 ||| Stepping ~*~*~tactically~*~*~ (stealth).
   813 | D:1      | 813 ||| Stepping ~*~*~tactically~*~*~ (stealth).
  1073 | D:1      | 1073 ||| UPGRADING to +0 ring mail.
  1083 | D:1      | 1083 ||| DROPPING +0 leather armour.
  1084 | D:1      | 1084 ||| READING scroll labelled UKIUSE NOKHLI SAIXI.
  1085 | D:1      | 1085 ||| READING scroll labelled RIACWAU SIMUH.
  1086 | D:1      | 1086 ||| READING scroll labelled ETECUE UJYECEOJO.
  1087 | D:1      | 1087 ||| DROPPING scroll of blinking.
  1088 | D:1      | 1088 ||| Stepping randomly (stuck).
  1089 | D:1      | 1089 ||| Stepping ~*~*~tactically~*~*~ (cloud).
  1090 | D:1      | HP: 4/17 [poisoned by you (poison gas)]
  1092 | D:1      | HP: 1/17 [poisoned by you (poison gas)]
  1093 | D:1      | Succumbed to their own poison gas

Levels and vault maps discovered:
D:1:      kilobyte_arrival_exit_the_forest, layout_basic,
          ebering_ecumenical_altar_sacrificial

Skill      XL: |  1  2 |
---------------+-------+-----
Axes           | 3 |  3.3
Fighting       | |  2.0
Throwing       | |  1.0
Armour         | |  1.1
Dodging        | |  2.1
Spellcasting   | |  2.0
Translocations | |  2.4

Action                   || total
-------------------------++-------
Melee: Hand axe          ||    33
       Peck              ||     1
       Kick              ||     4
Throw: Boomerang         ||     7
  Use: Scroll            ||     3
Armor: Leather armour    ||     9
Dodge: Dodged            ||    17

Table legend:
 A = Non-vault XP
 B = Vault XP
 C = Vault XP percentage of total XP
 D = Non-vault monster count
 E = Vault monster count
 F = Vault count percentage of total count
                 A         B        C        D         E       F
            +---------+---------+-------+---------+---------+-------
      Total |      22 |       0 |   0.0 |      15 |       0 |   0.0
            +---------+---------+-------+---------+---------+-------
        D:1 |      22 |       0 |   0.0 |      15 |       0 |   0.0
            +---------+---------+-------+---------+---------+-------
